Map: Proxima Station LE

Players

SpeCial

  • Race: Terran Terran
  • Spawn Location: 7:00

Serral - Winner!

  • Race: Zerg Zerg
  • Spawn Location: 1:00

Event: WCS Austin 2017

VOD

Have the link to the VOD?

Description

Time

  • Played on: April 29, 2017, 6:53 p.m.
  • Length: 25:58

All games in this series

Show
View Real Time Build Order
Export as new Build Order

SpeCial Terran 

Build Orders: Hellion Opening, Reaper Expand, Bio Mine 

Get SALT Encoding   

  12  0:00  SCV  
  13  0:13  SCV  
  14  0:18  Supply Depot  
  14  0:25  SCV  
  15  0:29  Refinery  
  15  0:39  SCV  
  16  0:44  Barracks  
  16  0:51  SCV  
  17  1:03  SCV  
  18  1:15  SCV  
  19  1:31  Orbital Command  
  19  1:32  Reaper  
  20  1:42  Command Center  
  20  1:55  Factory  
  20  1:57  SCV  
  21  2:06  Barracks Reactor  
  21  2:09  SCV  
  21  2:10  Supply Depot  
  21  2:14  Refinery  
  22  2:22  SCV  
  23  2:34  SCV  
  24  2:42  Starport  
  24  2:46  SCV  
  24  2:50  Hellion x2, Marine  
  30  2:56  Orbital Command  
  30  2:58  SCV  
  31  3:10  SCV  
  31  3:12  Hellion x2  
  36  3:19  Medivac  
  38  3:20  Barracks Tech Lab  
  38  3:21  SCV  
  40  3:27  SCV  
  40  3:31  Supply Depot  
  40  3:33  SCV  
  41  3:36  Armory  
  41  3:41  SCV  
  41  3:44  Hellion  
  41  3:46  SCV  
  45  3:52  Hellion  
  45  3:53  Supply Depot  
  45  3:54  SCV  
  48  3:58  SCV  
  49  4:08  Hellion  
  49  4:09  SCV  
  52  4:10  SCV  
  52  4:13  Supply Depot  
  52  4:14  Raven  
  52  4:15  Barracks Tech Lab  
  57  4:22  SCV x2  
  59  4:34  Marine  
  59  4:35  Stimpack  
  58  4:38  Command Center  
  58  4:40  SCV x2  
  58  4:42  Supply Depot  
  60  4:52  Marine  
  61  4:59  Factory Reactor  
  59  5:02  Barracks  
  50  5:09  Starport Reactor, Marine  
  50  5:10  SCV x2  
  50  5:11  Barracks  
  53  5:16  Engineering Bay  
  53  5:17  Engineering Bay  
  53  5:27  Marine, SCV  
  55  5:28  SCV  
  55  5:29  Barracks  
  55  5:31  Barracks  
  55  5:32  Refinery  
  55  5:34  Refinery  
  56  5:40  SCV  
  57  5:44  Terran Infantry Armor Level 1, Terran Infantry Weapons Level 1, Factory Reactor  
  57  5:45  Marine  
  52  5:57  Marine x2  
  52  6:01  Orbital Command  
  52  6:03  SCV x2  
  56  6:07  Marine  
  56  6:09  Medivac x2  
  56  6:10  Marine x2  
  63  6:15  Marine x2, SCV  
  63  6:16  SCV  
  67  6:22  Barracks Reactor x2, Orbital Command  
  67  6:25  Marine  
  68  6:27  Marine  
  68  6:28  Marine, SCV  
  68  6:31  Widow Mine x2  
  68  6:32  Supply Depot  
  75  6:33  Supply Depot, Marine x2  
  75  6:34  SCV  
  75  6:38  Combat Shields  
  78  6:40  SCV  
  78  6:41  Medivac  
  78  6:43  Marine  
  78  6:45  Marine x2  
  78  6:47  SCV  
  85  6:51  Marine x2  
  85  6:52  SCV  
  88  6:54  Barracks, SCV  
  88  6:57  Barracks  
  88  6:59  SCV  
  88  7:00  Marine  
  89  7:01  Marine x2  
  89  7:02  Marine x2  
  89  7:03  Marine x2  
  89  7:04  SCV  
  89  7:05  Missile Turret  
  89  7:06  Widow Mine  
  98  7:08  SCV  
  98  7:09  Marine x2  
  98  7:11  SCV  
  102  7:18  Widow Mine, Marine  
  102  7:19  Marine x4  
  109  7:24  Medivac, Marine  
  109  7:25  Marine  
  109  7:26  Marine x2  
  106  7:35  Widow Mine  
  106  7:36  Marine, SCV x3  
  104  7:37  Marine x4  
  104  7:41  Supply Depot, Marine  
  109  7:55  Terran Infantry Weapons Level 2  
  109  7:56  Terran Infantry Armor Level 2  
  109  7:57  Supply Depot x2  
  109  8:02  Medivac x2, Marine x3  
  109  8:04  Missile Turret  
  109  8:05  Widow Mine x2  
  116  8:06  Marine x2  
  116  8:07  Supply Depot, Marine  
  116  8:08  Marine  
  116  8:11  Barracks Reactor  
  122  8:14  SCV x3  
  122  8:18  Marine x2  
  126  8:26  Marine x2, SCV x3  
  125  8:27  Marine x2  
  125  8:32  Medivac  
  129  8:38  Marine x2  
  129  8:40  Widow Mine x2  
  133  8:44  Marine x2  
  133  8:45  Marine x2  
  134  8:49  Medivac  
  134  8:53  Marine x2  
  134  8:59  SCV x3  
  134  9:01  Marine  
  136  9:02  Medivac  
  134  9:19  Medivac  
  134  9:20  Marine  
  134  9:21  Marauder, Marine x2  
  134  9:22  Marauder  
  134  9:23  Marine  
  140  9:28  Marine  
  141  9:32  Medivac  
  141  9:33  Command Center, Marine  
  141  9:34  Refinery  
  141  9:35  Factory  
  141  9:36  Supply Depot  
  144  9:39  Supply Depot  
  144  9:41  Supply Depot  
  144  9:43  Marine x3  
  144  9:44  Marauder  
  149  9:53  Widow Mine x2, Medivac, SCV x2  
  157  10:00  Marine  
  157  10:01  Marine x2  
  157  10:02  Medivac  
  157  10:04  Marine, Terran Vehicle Weapons Level 1  
  157  10:05  Marauder, Marine  
  166  10:09  Marine  
  167  10:20  Marine  
  166  10:23  Medivac  
  166  10:24  Widow Mine x2, Marauder, Marine  
  166  10:26  Marine x3  
  176  10:29  Marauder  
  176  10:31  Marine x2  
  176  10:32  Marine x2  
  176  10:34  Factory Tech Lab  
  180  10:45  Medivac  
  180  10:46  Marauder  
  172  10:53  Widow Mine x2, Medivac  
  172  10:56  Widow Mine  
  180  10:58  Drilling Claws  
  180  11:03  Marauder, Marine x7  
  180  11:04  Marine x2  
  190  11:05  Missile Turret  
  190  11:07  Marauder  
  190  11:09  Marine  
  194  11:15  Medivac  
  194  11:17  Refinery  
  189  11:20  Marine x2  
  189  11:21  Marine x3  
  189  11:24  Marauder, Marine  
  189  11:25  Marine x2  
  187  11:27  Marine  
  187  11:28  Medivac  
  187  11:29  Marine  
  191  11:38  Widow Mine x2  
  182  11:41  Marine x2  
  182  11:42  Marine x2  
  182  11:44  Marine x3  
  182  11:45  Medivac  
  191  11:48  Marine x3  
  191  11:50  Marine  
  191  11:51  Marine  
  194  11:59  Marine x2  
  194  12:00  Medivac  
  195  12:06  Marine x2  
  172  12:14  Marine x6  
  172  12:15  Medivac, Marine x2  
  155  12:16  Widow Mine x3  
  155  12:17  Marine, Planetary Fortress  
  155  12:20  Marine  
  164  12:24  Marine x2  
  166  12:31  Marine  
  166  12:32  Marine x5  
  166  12:33  Marauder, Marine  
  166  12:35  Marine  
  165  12:38  Marine  
  165  12:42  Marine  
  165  12:43  Terran Infantry Weapons Level 3, Terran Infantry Armor Level 3  
  165  12:44  Marine  
  155  12:49  Marine x3  
  155  12:50  Marine x2  
  157  13:00  Marauder  
  157  13:02  Marine  
  157  13:04  Marine  
  157  13:05  Marine  
  162  13:07  Marine  
  162  13:10  Marauder, Marine  
  160  13:15  Marine x2  
  160  13:16  Widow Mine x2, Marine  
  160  13:18  Widow Mine  
  167  13:21  Marauder  
  167  13:23  Command Center  
  167  13:24  Refinery, SCV x3  
  167  13:25  Starport  
  172  13:29  Medivac  
  172  13:30  Barracks  
  174  13:38  Marauder, Marine x3  
  179  13:42  Liberator x2  
  179  13:44  Unknown x3, Marine  
  167  14:01  Marine x2  
  167  14:02  Marauder  
  170  14:03  Starport Reactor  
  170  14:04  Marauder, Marine x4  
  170  14:05  Marine  
  177  14:13  Marine x2  
  179  14:19  Marine  
  179  14:23  Marauder  
  166  14:24  Liberator x2  
  166  14:25  Marauder, Marine x2  
  170  14:33  Barracks Tech Lab  
  170  14:36  Liberator x2  
  170  14:37  Widow Mine  
  170  14:38  Widow Mine  
  173  14:41  Marine  
  173  14:43  Marine x2  
  173  14:44  Marauder  
  184  14:47  Missile Turret, Marauder  
  184  14:52  Marauder, Marine x2  
  186  14:53  Marine x2  
  186  14:54  Widow Mine  
  186  14:59  Terran Ship Weapons Level 1  
  196  15:06  Marauder  
  196  15:07  Marine  
  196  15:08  Marine  
  196  15:11  Marine  
  196  15:12  Liberator, Widow Mine  
  196  15:13  Marauder  
  195  15:15  Marauder  
  195  15:16  Orbital Command  
  195  15:18  SCV x2  
  193  15:24  Missile Turret, Marine  
  193  15:27  Marauder  
  195  15:30  SCV  
  195  15:32  Marine  
  195  15:44  Marauder  
  195  15:46  Marauder  
  195  15:47  Marine  
  195  15:49  Marauder  
  192  16:00  Hi-Sec Auto Tracking  
  184  16:06  Marauder  
  184  16:07  Marauder  
  188  16:22  Marauder, Marine x3  
  188  16:23  Marine  
  188  16:25  Liberator, Marine  
  194  16:28  Marauder  
  194  16:41  Marauder  
  194  16:42  Command Center  
  196  16:59  Liberator  
  196  17:01  Liberator x2  
  196  17:07  Liberator  
  196  17:14  Marine x4  
  196  17:15  Marauder x2  
  195  17:16  Marauder  
  195  17:20  Marine  
  195  17:32  Marine x2  
  195  17:36  Marauder  
  193  17:37  Marauder  
  193  17:42  Liberator  
  193  17:43  Liberator x2, Marine x2  
  193  17:44  Marauder  
  178  17:45  Marine  
  178  17:46  Marine  
  178  17:50  Liberator  
  174  17:54  Marine  
  165  17:59  SCV x2  
  165  18:00  Marine, SCV  
  171  18:07  Marauder  
  171  18:09  Marauder  
  171  18:11  SCV  
  179  18:18  Sensor Tower  
  179  18:25  Liberator  
  179  18:26  Liberator, Missile Turret  
  174  18:30  Marauder, Marine x2  
  174  18:33  SCV  
  174  18:34  SCV x2  
  181  18:37  Marauder  
  182  18:44  Marine x2  
  182  18:45  Marauder, Marine x3  
  195  18:53  Liberator  
  195  18:54  Widow Mine  
  196  19:02  Command Center  
  196  19:09  Widow Mine  
  196  19:10  SCV x3  
  194  19:17  Supply Depot  
  194  19:19  Unknown x2  
  194  19:22  SCV x2  
  196  19:27  Unknown  
  196  19:32  SCV  
  196  19:36  Command Center  
  196  19:38  Marine x3  
  196  19:39  Marauder, Unknown  
  196  19:43  Terran Ship Weapons Level 2  
  200  20:05  Missile Turret  
  200  20:07  Marine  
  200  20:09  Marauder  
  199  20:19  Liberator  
  199  20:20  Liberator  
  198  20:30  Liberator  
  195  20:49  Marauder  
  200  20:56  Command Center  
  200  20:59  Missile Turret  
  200  21:02  Starport  
  200  21:03  Fusion Core  
  188  21:22  Marine x2  
  188  21:23  Marauder x2, Marine  
  188  21:24  Medivac x2  
  191  21:40  Marauder  
  191  21:44  Medivac  
  186  21:47  Marauder  
  186  21:49  Marine  
  180  21:54  Marine  
  180  21:55  Marine  
  180  21:56  Marine  
  180  21:57  Marine x3  
  180  22:00  Marine x2  
  180  22:08  Marauder, Marine x2  
  171  22:10  Refinery  
  171  22:14  Refinery  
  172  22:16  Marine  
  172  22:21  Marine x2  
  175  22:28  Marine  
  175  22:29  Marine  
  177  22:37  Medivac  
  177  22:43  Marine x2  
  129  22:54  Marauder, Marine x2  
  129  22:56  Marine  
  134  23:02  Marine x2  
  136  23:11  Medivac  
  130  23:31  Medivac  
  130  23:32  Medivac  
  134  23:43  Medivac  
  136  23:53  Marine x3  
  126  24:03  Marauder, Marine x6  
  126  24:06  SCV  
  126  24:09  Orbital Command  
  135  24:13  SCV  
  136  24:18  SCV  
  136  24:21  Marine x2  
  136  24:22  Marine  
  140  24:25  SCV  
  140  24:30  SCV  
  142  24:37  Marine x3  
  126  24:57  Marine  
  126  24:58  Marine x4  
  117  25:04  Marine x3  
  117  25:05  Marauder  
  121  25:08  Marine  
  121  25:10  Marine  
  121  25:12  Medivac  
  84  25:31  Marauder, Marine x2  
  67  25:38  Marine  
Show
View Real Time Build Order
Export as new Build Order

Serral Zerg - Winner!

Build Orders: Hatch First, Muta Ling Bane 

Get SALT Encoding   

  12  0:00  Drone  
  13  0:12  Overlord  
  13  0:17  Drone  
  14  0:31  Drone  
  14  0:32  Drone  
  14  0:34  Drone  
  17  0:52  Hatchery  
  17  0:56  Drone  
  17  0:59  Drone  
  18  1:11  Extractor  
  17  1:14  Spawning Pool  
  17  1:18  Drone  
  17  1:21  Drone  
  18  1:29  Drone  
  19  1:40  Overlord  
  19  1:51  Drone  
  20  2:01  Queen, Zergling x2  
  20  2:04  Queen  
  20  2:05  Zergling x2  
  26  2:10  Metabolic Boost  
  26  2:12  Zergling x2  
  27  2:16  Drone  
  27  2:21  Drone  
  29  2:26  Drone  
  30  2:33  Drone  
  31  2:44  Hatchery  
  31  2:46  Drone x2  
  32  2:52  Queen  
  32  2:57  Overlord  
  34  2:59  Drone  
  34  3:04  Drone  
  36  3:09  Overlord  
  36  3:16  Overlord  
  36  3:17  Drone x2  
  36  3:19  Drone  
  39  3:20  Drone  
  39  3:22  Zergling x2  
  41  3:27  Drone x2  
  43  3:35  Queen  
  43  3:37  Zergling x2  
  43  3:38  Drone  
  43  3:39  Drone  
  48  3:45  Spine Crawler  
  48  3:48  Lair  
  47  3:49  Drone  
  47  3:51  Drone  
  47  3:54  Drone  
  50  3:57  Drone x2  
  50  4:00  Zergling x2  
  53  4:03  Queen  
  53  4:07  Drone  
  53  4:08  Drone, Extractor  
  56  4:11  Drone x2  
  56  4:15  Overlord  
  58  4:21  Queen  
  58  4:22  Drone x3  
  61  4:28  Drone x2  
  60  4:31  Drone x2  
  60  4:36  Drone  
  60  4:37  Drone  
  64  4:39  Drone x2  
  64  4:41  Drone  
  64  4:43  Zergling x2  
  68  4:47  Zergling x4  
  68  4:48  Zergling x2  
  70  5:00  Zergling x4  
  70  5:03  Drone x2  
  68  5:09  Drone  
  68  5:15  Drone x2, Queen  
  68  5:16  Extractor  
  68  5:17  Drone x2, Spire  
  72  5:21  Drone  
  72  5:23  Overlord  
  72  5:26  Extractor  
  72  5:27  Baneling Nest  
  72  5:28  Overlord  
  71  5:34  Drone x2  
  73  5:39  Overlord  
  73  5:40  Queen  
  73  5:41  Drone  
  74  5:42  Overlord  
  74  5:45  Drone x3  
  74  5:46  Drone x2  
  79  5:55  Drone x3  
  79  5:56  Drone  
  78  6:03  Extractor  
  77  6:04  Extractor  
  76  6:11  Drone x3  
  76  6:12  Drone x3  
  76  6:13  Drone x2  
  76  6:15  Zergling x4  
  84  6:29  Mutalisk x3  
  84  6:30  Mutalisk x2, Centrifical Hooks  
  94  6:33  Drone  
  94  6:34  Zergling x2  
  94  6:35  Evolution Chamber x2  
  94  6:41  Zergling x6  
  97  6:48  Overlord  
  97  6:49  Overlord  
  97  6:51  Overlord  
  97  6:59  Baneling  
  97  7:00  Baneling x5  
  97  7:01  Zerg Ground Armor Level 1, Zerg Melee Weapons Level 1  
  97  7:03  Zergling x2  
  97  7:05  Hatchery  
  97  7:07  Overlord x2  
  97  7:09  Zergling x2  
  97  7:10  Zergling x4  
  100  7:17  Zergling x2  
  100  7:18  Zergling x10  
  100  7:21  Mutalisk x2  
  108  7:36  Drone x3  
  109  7:40  Drone x2  
  109  7:41  Drone x2  
  109  7:42  Drone x2  
  115  7:44  Zergling x2  
  115  7:45  Zergling x8  
  115  7:47  Baneling x4  
  120  7:52  Overseer  
  120  7:57  Zergling x6  
  120  7:58  Zergling x6  
  125  8:09  Zergling x6  
  125  8:10  Zergling x6  
  125  8:11  Baneling x3  
  125  8:12  Baneling x2  
  131  8:16  Overlord  
  131  8:32  Zergling x2  
  131  8:33  Zergling x26, Spire  
  139  8:38  Spore Crawler  
  139  8:41  Drone, Queen  
  128  8:42  Drone x4  
  130  8:57  Queen  
  130  9:02  Overlord  
  130  9:07  Drone x2, Overlord  
  130  9:08  Drone x4  
  130  9:09  Drone x2  
  135  9:14  Baneling x3  
  135  9:16  Queen  
  137  9:20  Drone x2  
  136  9:28  Drone x3  
  136  9:29  Extractor  
  136  9:31  Zerg Ground Armor Level 2, Zerg Melee Weapons Level 2  
  138  9:33  Zergling x2  
  138  9:34  Zergling x26  
  138  9:36  Baneling x6  
  138  9:37  Baneling x12  
  150  9:49  Mutalisk, Zerg Flyer Weapons Level 1  
  150  9:52  Overlord x5  
  152  9:57  Baneling x5  
  152  9:58  Baneling x2  
  152  10:09  Overlord x3  
  152  10:14  Mutalisk x6  
  152  10:15  Mutalisk x2  
  161  10:22  Infestation Pit  
  161  10:25  Zergling x2  
  161  10:26  Zergling x14  
  163  10:36  Mutalisk  
  163  10:37  Mutalisk x5  
  173  10:43  Queen  
  173  10:48  Zergling x10  
  179  10:59  Overseer, Pneumatized Carapace  
  179  11:02  Hive  
  179  11:08  Overlord  
  177  11:14  Zergling x2  
  177  11:15  Zergling x20, Hatchery  
  182  11:19  Zergling x2  
  182  11:20  Zergling x8  
  180  11:27  Baneling  
  180  11:28  Baneling x11  
  180  11:32  Zergling x12  
  169  11:48  Baneling  
  169  11:51  Baneling x5  
  161  11:58  Zergling x22  
  167  12:05  Drone x6  
  164  12:13  Zergling x2  
  164  12:14  Zergling x6  
  163  12:17  Zerg Melee Weapons Level 3, Zerg Ground Armor Level 3  
  163  12:26  Ultralisk Cavern  
  162  12:30  Baneling x8  
  162  12:31  Baneling x3  
  150  12:43  Baneling x7  
  141  13:02  Baneling  
  141  13:03  Zergling x2, Baneling x5  
  141  13:04  Zergling x32  
  147  13:15  Chitinous Plating  
  147  13:16  Ultralisk x2  
  147  13:17  Zergling x10, Ultralisk  
  147  13:19  Queen  
  172  13:36  Hatchery  
  172  13:39  Baneling x5  
  170  13:50  Ultralisk x2  
  170  13:54  Zergling x2  
  170  13:55  Zergling x22  
  182  14:07  Extractor  
  178  14:22  Ultralisk x2  
  178  14:23  Zergling x18  
  178  14:24  Zergling x2  
  181  14:38  Burrow  
  161  15:08  Hatchery  
  161  15:09  Ultralisk x3  
  177  15:18  Ultralisk  
  164  15:39  Spire  
  164  15:41  Extractor x2  
  164  15:42  Zergling x20, Ultralisk  
  177  15:43  Queen x3  
  177  15:49  Queen  
  184  15:57  Zergling x2  
  184  15:58  Zergling x16  
  188  16:20  Hatchery  
  186  16:38  Drone x17  
  186  16:39  Drone x4  
  182  16:52  Corruptor  
  182  16:53  Corruptor x6  
  182  16:54  Corruptor  
  196  17:01  Corruptor  
  196  17:05  Hatchery  
  196  17:07  Baneling x2  
  196  17:08  Baneling x2  
  169  17:24  Corruptor  
  146  17:54  Baneling x3  
  144  18:03  Spawning Pool  
  142  18:41  Drone x14  
  142  18:42  Drone x2  
  138  18:52  Hatchery  
  135  19:00  Zergling x14  
  135  19:01  Zergling x14  
  148  19:03  Adrenal Glands  
  148  19:05  Corruptor x2  
  152  19:23  Corruptor x3  
  158  19:31  Corruptor x2  
  159  19:39  Extractor  
  158  19:55  Drone  
  158  19:56  Drone x2  
  160  20:04  Zergling x8  
  160  20:07  Hatchery  
  157  20:41  Zergling x2  
  157  20:42  Zergling x18  
  164  21:03  Hatchery  
  163  21:06  Zergling x2, Ultralisk Cavern  
  163  21:07  Zergling x18  
  163  21:09  Baneling x6  
  172  21:24  Zergling x8  
  176  21:37  Zergling x12  
  175  21:47  Zergling x4  
  175  21:48  Zergling x4  
  169  21:56  Zergling x4  
  157  22:11  Zergling x2  
  157  22:12  Zergling x14  
  165  22:29  Spire  
  164  22:35  Zergling x16  
  130  22:53  Zergling x6, Ultralisk x2  
  133  22:59  Baneling x5  
  133  23:00  Baneling  
  133  23:08  Zergling x4  
  133  23:09  Zergling x2  
  130  23:29  Hatchery  
  129  23:34  Infestor  
  129  23:37  Zergling x4  
  132  23:42  Zergling x4  
  132  23:43  Zergling x2  
  136  23:56  Hatchery  
  136  24:02  Zergling x14  
  140  24:05  Baneling x3  
  140  24:08  Drone  
  141  24:11  Extractor  
  140  24:28  Drone x4  
  140  24:29  Drone x3  
  144  24:57  Zergling x2  
  144  24:58  Zergling x14  
  144  25:08  Zergling x6  
  146  25:26  Zergling x8  
  146  25:27  Zergling x2  
  142  25:29  Zergling x2  
  142  25:30  Zergling x2  
Tags
 
Add a new tag
Caveats
  • Supply blocks, unpowered buildings, or Contaminate may cause inaccurate times.
  • Supply counts are checked every 10 seconds.